 Dungeon Crawl Stone Soup version 0.21.1-1-g345015f (webtiles) character file.

1059 tidbits the Charmwright (level 8, -1/63 HPs)
             Began as a Gnoll Skald on June 20, 2018.
             Slain by a komodo dragon (28 damage)
             ... on level 8 of the Dungeon.
             The game lasted 00:09:01 (981 turns).

tidbits the Charmwright (Gnoll Skald)                Turns: 981, Time: 00:09:01

Health: -1/63      AC:  6    Str: 18    XL:     8   Next: 27%
Magic:  2/16       EV: 15    Int: 18    God:
Gold:   115        SH:  0    Dex: 15    Spells: 7/18 levels left

rFire    . . .     SeeInvis .   h - +4 quarterstaff (chaos)
rCold    . . .     Gourm    .   (shield currently unavailable)
rNeg     . . .     Faith    .   b - +0 leather armour
rPois    .         Spirit   .   (no helmet)
rElec    .         Reflect  .   C - +1 cloak {MR+}
rCorr    .         Harm     .   G - +0 pair of gloves
MR       +....                  (no boots)
Stlth    ++........             (no amulet)
HPRegen  0.20/turn              (no ring)
MPRegen  0.15/turn              (no ring)

@: mighty, singing, flying, hasted, very quick
A: distributed training, fangs 1, strong nose
a: no special abilities


You were on level 8 of the Dungeon.
You were not hungry.

You visited 1 branch of the dungeon, and saw 8 of its levels.
You also visited: Sewer.

You collected 115 gold pieces.

Inventory:

Hand Weapons
 a - a +0 hand axe
 h - a +4 quarterstaff of chaos (weapon)
   (You took it off Crazy Yiuf on level 5 of the Dungeon)
Armour
 b - a +0 leather armour (worn)
 p - a cursed +0 ring mail
 C - a +1 cloak of magic resistance (worn)
   (You took it off Crazy Yiuf on level 5 of the Dungeon)
 G - a +0 pair of gloves (worn)
Magical Staves
 m - an uncursed staff of poison {unknown}
   (You found it on level 4 of the Dungeon)
Scrolls
 e - a scroll of fog {unknown}
 f - a scroll of remove curse {unknown}
 g - a scroll of identify {unknown}
 n - 2 scrolls of teleportation
 q - a scroll of blinking {unknown}
Potions
 l - a potion of mutation {unknown}
 r - a potion of degeneration {unknown}
Books
 c - a book of Battle

   Spells                             Type                      Level
   a - Infusion                       Charms                       1
   b - Shroud of Golubria             Charms/Translocation         2
   c - Song of Slaying                Charms                       2
   d - Spectral Weapon                Hexes/Charms                 3
   e - Regeneration                   Charms/Necromancy            3
Comestibles
 d - 6 rations


   Skills:
 + Level 5.5 Fighting
 + Level 3.0 Short Blades
 + Level 3.0 Long Blades
 + Level 5.5 Axes
 + Level 3.0 Maces & Flails
 + Level 3.0 Polearms
 + Level 3.0 Staves
 + Level 3.0 Slings
 + Level 3.0 Bows
 + Level 3.0 Crossbows
 + Level 3.0 Throwing
 + Level 4.0 Armour
 + Level 5.5 Dodging
 + Level 3.0 Stealth
 + Level 3.0 Shields
 + Level 3.0 Unarmed Combat
 + Level 5.9 Spellcasting
 + Level 2.4 Conjurations
 + Level 2.4 Hexes
 + Level 6.0 Charms
 + Level 2.4 Summonings
 + Level 2.4 Necromancy
 + Level 2.4 Translocations
 + Level 2.4 Transmutations
 + Level 2.4 Fire Magic
 + Level 2.4 Ice Magic
 + Level 2.4 Air Magic
 + Level 2.4 Earth Magic
 + Level 2.4 Poison Magic
 + Level 3.3 Invocations
 + Level 3.0 Evocations


You had 7 spell levels left.
You knew the following spells:

 Your Spells              Type           Power        Failure   Level  Hunger
g - Shroud of Golubria    Chrm/Tloc      ###.......   3%          2    None
i - Infusion              Chrm           ####         1%          1    None
r - Regeneration          Chrm/Necr      ###.......   8%          3    ##.....
w - Spectral Weapon       Hex/Chrm       ###.....     8%          3    ##.....
y - Song of Slaying       Chrm           ####....     1%          2    None


Dungeon Overview and Level Annotations

Branches:
Dungeon (8/15)
 Temple: D:4-7         Lair: D:8-11

Altars:
Okawaru
Uskayaw
Vehumet

Annotations:
D:5 exclusion: statue


Innate Abilities, Weirdness & Mutations

Your experience applies equally to all skills.
You have very sharp teeth.
Your uncanny sense of smell can sniff out nearby items.


Message History

Your Short Blades skill increases to level 3!
Your Long Blades skill increases to level 3!
Your Maces & Flails skill increases to level 3!
Your Polearms skill increases to level 3!
Your Staves skill increases to level 3!
Your Slings skill increases to level 3!
Your Bows skill increases to level 3!
Your Crossbows skill increases to level 3!
Your Throwing skill increases to level 3!
Your Stealth skill increases to level 3!
Your Shields skill increases to level 3!
Your Unarmed Combat skill increases to level 3!
Your Evocations skill increases to level 3!
Your song has ended.
You hear the slow hiss of a distant avalanche of sand.
Your skin is crawling a little less now.
Your spectral weapon fades away.
Casting: Regeneration
Confirm with . or Enter, or press ? or * to list all spells.
You draw out your weapon's spirit!
The gnoll shaman closely misses you.
You hit the gnoll shaman. You burn the gnoll shaman.
The gnoll shaman is moderately wounded.
Your spectral weapon hits the gnoll shaman!
The gnoll shaman is poisoned.
The gnoll shaman prays to its god.
The gnoll shaman is healed somewhat.
You sock the gnoll shaman!
You kill the gnoll shaman!
A gnoll comes into view. It is wielding a halberd.
Your skin stops crawling.
You swap places.
The gnoll completely misses you.
You sock the gnoll!
The gnoll looks as sick as possible!
The gnoll is almost dead.
You kill the gnoll!
You see here a yak corpse.
You butcher the yak corpse.
You see here 6 chunks of flesh.
Eat one of 6 chunks of flesh? (ye/n/q)
You eat one of the 6 chunks of flesh.
This raw flesh tastes terrible.
Things that are here:
a halberd; a scroll of teleportation
n - 2 scrolls of teleportation (gained 1)
A gnoll comes into view.
Things that are here:
a club; a leather armour A gnoll comes into view.
It is wielding a whip.
You see here an arrow.
Casting: Spectral Weapon
Confirm with . or Enter, or press ? or * to list all spells.
You start singing a song of slaying.
You hear a shout!
Unknown command.
You sock the gnoll! You burn the gnoll.
You kill the gnoll!
You hear a shout!
You hear an angry hiss.
You hit the gnoll. You freeze the gnoll.
The gnoll is heavily wounded.
Your spectral weapon hits the gnoll!
Your spectral weapon burns the gnoll.
You kill the gnoll!
An orc comes into view. It is wielding a hand axe.
You hear an angry hiss.
You hear a shout! x2
You hear a shout!
A komodo dragon comes into view.
Your spectral weapon fades away.
Unknown command.
Casting: Song of Slaying
Confirm with . or Enter, or press ? or * to list all spells.
You draw out your weapon's spirit!
The orc misses you.
The orc barely misses your spectral weapon.
The komodo dragon bites your spectral weapon!!
Your spectral weapon shares its damage with you!
Your spectral weapon fades away.
* * * LOW HITPOINT WARNING * * *
An orc and an orc warrior come into view.
Unknown command.
You sock the orc!
The orc is almost dead.
The orc hits you with a hand axe.
* * * LOW HITPOINT WARNING * * *
You completely miss the orc.
The orc is severely wounded.
The orc hits you with a hand axe.
* * * LOW HITPOINT WARNING * * *
You feel much better.
You feel yourself speed up. The komodo dragon bites you!
* * * LOW HITPOINT WARNING * * *
Casting: Spectral Weapon
Confirm with . or Enter, or press ? or * to list all spells.
You don't have enough magic to cast that spell.
It was a potion of flight.
You feel very buoyant.
You fly up into the air.
An orc comes into view. It is wielding a trident.
It was a potion of might.
You feel very mighty all of a sudden.
The komodo dragon bites you but does no damage.
You sock the komodo dragon!
The komodo dragon flickers and vanishes!
The orc warrior completely misses you. Something bites you!!
You die...

∆ ∆.$.$ ∆ ... #..
#.o #o# #o# #o#
#.########{#
#.......))@#
.......(.%###
#########.#
######### #.#
#.......###### #.#
#............#
#.#####.......####.#
#.........###.# #.#
#########.# #.# #.#
#.# #.# #.#


You could see an orc warrior and 3 orcs.

Vanquished Creatures
  3 yaks (D:8)
  An ogre (D:7)
  2 centaurs (D:8)
  A bullfrog (D:3)
  A scorpion (D:4)
  A crimson imp (D:8)
  A centaur zombie (D:7)
  Crazy Yiuf (D:5)
  A gnoll shaman (D:8)
  An orc wizard (D:5)
  3 gnolls (D:8)
  5 adders
  An ooze (D:7)
  A worm (D:5)
  3 leopard geckos (D:5)
  3 orcs (D:5)
  A giant cockroach (D:5)
  A goblin (D:3)
  2 hobgoblins
  2 jackals (D:7)
  A kobold (D:1)
  A quokka (D:2)
  3 frilled lizards
  3 rats
43 creatures vanquished.

Vanquished Creatures (others)
  9 plants (D:8)
  A spectral weapon (D:8)
10 creatures vanquished.

Grand Total: 53 creatures vanquished

Notes
Turn   | Place    | Note
-------+----------+-------------------------------------------
     0 | D:1      | tidbits the Gnoll Skald began the quest for the Orb.
     0 | D:1      | Reached XP level 1. HP: 20/20 MP: 6/6
    55 | D:3      | Noticed a worker ant
    64 | D:2      | Reached XP level 2. HP: 25/26 MP: 0/7
    87 | D:3      | Noticed a bullfrog
    96 | D:3      | Killed a bullfrog
    96 | D:3      | Reached skill level 1 in Short Blades
    96 | D:3      | Reached skill level 1 in Long Blades
    96 | D:3      | Reached skill level 1 in Maces & Flails
    96 | D:3      | Reached skill level 1 in Polearms
    96 | D:3      | Reached skill level 1 in Staves
    96 | D:3      | Reached skill level 1 in Slings
    96 | D:3      | Reached skill level 1 in Bows
    96 | D:3      | Reached skill level 1 in Crossbows
    96 | D:3      | Reached skill level 1 in Throwing
    96 | D:3      | Reached skill level 1 in Stealth
    96 | D:3      | Reached skill level 1 in Shields
    96 | D:3      | Reached skill level 1 in Unarmed Combat
    96 | D:3      | Reached skill level 5 in Spellcasting
    96 | D:3      | Reached skill level 1 in Invocations
    96 | D:3      | Reached skill level 1 in Evocations
    96 | D:3      | Reached XP level 3. HP: 18/31 MP: 0/9
    96 | D:3      | Reached XP level 4. HP: 22/38 MP: 0/11
   100 | D:3      | Learned a level 2 spell: Song of Slaying
   103 | D:3      | Learned a level 2 spell: Shroud of Golubria
   107 | D:3      | Learned a level 3 spell: Regeneration
   111 | D:3      | Learned a level 3 spell: Spectral Weapon
   124 | D:2      | Found a hide-covered altar of Uskayaw.
   129 | D:2      | HP: 2/38 [worm (9)]
   149 | D:3      | Found an iron altar of Okawaru.
   217 | D:4      | Reached skill level 1 in Conjurations
   217 | D:4      | Reached skill level 1 in Hexes
   217 | D:4      | Reached skill level 1 in Summonings
   217 | D:4      | Reached skill level 1 in Necromancy
   217 | D:4      | Reached skill level 1 in Translocations
   217 | D:4      | Reached skill level 1 in Transmutations
   217 | D:4      | Reached skill level 1 in Fire Magic
   217 | D:4      | Reached skill level 1 in Ice Magic
   217 | D:4      | Reached skill level 1 in Air Magic
   217 | D:4      | Reached skill level 1 in Earth Magic
   217 | D:4      | Reached skill level 1 in Poison Magic
   217 | D:4      | Reached XP level 5. HP: 18/43 MP: 5/12
   327 | D:5      | Entered Level 5 of the Dungeon
   355 | D:5      | Reached skill level 3 in Armour
   410 | D:5      | Found a runed door.
   414 | D:5      | Noticed Crazy Yiuf
   428 | D:5      | Killed Crazy Yiuf
   491 | D:5      | Reached XP level 6. HP: 24/50 MP: 1/13
   559 | D:5      | Found a glowing drain.
   570 | D:5      | Reached skill level 2 in Invocations
   572 | Sewer    | Entered a sewer
   690 | D:5      | Found a radiant altar of Vehumet.
   767 | D:7      | Reached skill level 5 in Fighting
   767 | D:7      | Reached skill level 2 in Short Blades
   767 | D:7      | Reached skill level 2 in Long Blades
   767 | D:7      | Reached skill level 5 in Axes
   767 | D:7      | Reached skill level 2 in Maces & Flails
   767 | D:7      | Reached skill level 2 in Polearms
   767 | D:7      | Reached skill level 2 in Staves
   767 | D:7      | Reached skill level 2 in Slings
   767 | D:7      | Reached skill level 2 in Bows
   767 | D:7      | Reached skill level 2 in Crossbows
   767 | D:7      | Reached skill level 2 in Throwing
   767 | D:7      | Reached skill level 5 in Dodging
   767 | D:7      | Reached skill level 2 in Stealth
   767 | D:7      | Reached skill level 2 in Shields
   767 | D:7      | Reached skill level 2 in Unarmed Combat
   767 | D:7      | Reached skill level 2 in Evocations
   917 | D:8      | Noticed a yak
   923 | D:8      | Noticed a yak
   923 | D:8      | Noticed a yak
   923 | D:8      | Reached XP level 7. HP: 50/56 MP: 9/15
   927 | D:8      | Killed a yak
   927 | D:8      | Reached skill level 2 in Conjurations
   927 | D:8      | Reached skill level 2 in Hexes
   927 | D:8      | Reached skill level 2 in Summonings
   927 | D:8      | Reached skill level 2 in Necromancy
   927 | D:8      | Reached skill level 2 in Translocations
   927 | D:8      | Reached skill level 2 in Transmutations
   927 | D:8      | Reached skill level 2 in Fire Magic
   927 | D:8      | Reached skill level 2 in Ice Magic
   927 | D:8      | Reached skill level 2 in Air Magic
   927 | D:8      | Reached skill level 2 in Earth Magic
   927 | D:8      | Reached skill level 2 in Poison Magic
   940 | D:8      | Killed a yak
   940 | D:8      | Reached skill level 3 in Invocations
   943 | D:8      | Killed a yak
   943 | D:8      | Reached skill level 4 in Armour
   943 | D:8      | Reached skill level 6 in Charms
   943 | D:8      | Reached XP level 8. HP: 17/63 MP: 7/16
   949 | D:8      | Reached skill level 3 in Short Blades
   949 | D:8      | Reached skill level 3 in Long Blades
   949 | D:8      | Reached skill level 3 in Maces & Flails
   949 | D:8      | Reached skill level 3 in Polearms
   949 | D:8      | Reached skill level 3 in Staves
   949 | D:8      | Reached skill level 3 in Slings
   949 | D:8      | Reached skill level 3 in Bows
   949 | D:8      | Reached skill level 3 in Crossbows
   949 | D:8      | Reached skill level 3 in Throwing
   949 | D:8      | Reached skill level 3 in Stealth
   949 | D:8      | Reached skill level 3 in Shields
   949 | D:8      | Reached skill level 3 in Unarmed Combat
   949 | D:8      | Reached skill level 3 in Evocations
   972 | D:8      | Noticed a komodo dragon
   981 | D:8      | Slain by a komodo dragon

Skill      XL: |  1  2  3  4  5  6  7  8 |
---------------+-------------------------+-----
Short Blades   | 1 2 3 |  3.0
Long Blades    | 1 2 3 |  3.0
Maces & Flails | 1 2 3 |  3.0
Polearms       | 1 2 3 |  3.0
Staves         | 1 2 3 |  3.0
Slings         | 1 2 3 |  3.0
Bows           | 1 2 3 |  3.0
Crossbows      | 1 2 3 |  3.0
Throwing       | 1 2 3 |  3.0
Stealth        | 1 2 3 |  3.0
Shields        | 1 2 3 |  3.0
Unarmed Combat | 1 2 3 |  3.0
Spellcasting   | 5 |  5.9
Invocations    | 1 2 3 |  3.3
Evocations     | 1 2 3 |  3.0
Conjurations   | 1 2 |  2.4
Hexes          | 1 2 |  2.4
Summonings     | 1 2 |  2.4
Necromancy     | 1 2 |  2.4
Translocations | 1 2 |  2.4
Transmutations | 1 2 |  2.4
Fire Magic     | 1 2 |  2.4
Ice Magic      | 1 2 |  2.4
Air Magic      | 1 2 |  2.4
Earth Magic    | 1 2 |  2.4
Poison Magic   | 1 2 |  2.4
Armour         | 3 4 |  4.0
Fighting       | 5 |  5.5
Axes           | 5 |  5.5
Dodging        | 5 |  5.5
Charms         | 6 |  6.0

Action                   |  1- 3 |  4- 6 |  7- 9 || total
-------------------------+-------+-------+-------++-------
Melee: Hand axe          |    21 |    69 |       ||    90
       Bite              |     2 |    10 |       ||    12
       Quarterstaff      |       |    17 |    27 ||    44
 Cast: Infusion          |     3 |       |       ||     3
       Regeneration      |       |     4 |     1 ||     5
       Spectral Weapon   |       |    12 |     3 ||    15
       Song of Slaying   |       |     4 |     1 ||     5
       Shroud of Golubri |       |     1 |     1 ||     2
  Use: Potion            |       |     2 |     4 ||     6
       Scroll            |       |     1 |       ||     1
 Stab: Sleeping          |       |     1 |       ||     1
       Paralysed         |       |       |     2 ||     2
  Eat: Chunk             |       |     1 |     1 ||     2
Armor: Leather armour    |     2 |    19 |     3 ||    24
Dodge: Dodged            |    15 |    58 |    14 ||    87

Table legend:
 A = Turns spent in this place as a percentage of turns spent in the entire game.
 B = Non-inter-level travel turns spent in this place as a percentage of non-inter-level travel turns spent in the entire game.
 C = Inter-level travel turns spent in this place as a percentage of turns spent in this place.
 D = Turns resting spent in this place as a percentage of non-inter-level travel turns spent in this place.
 E = Turns spent auto-exploring this place as a percentage of non-inter-level travel turns spent in this place.
 F = Non-inter-level travel turns spent in this place divided by the number of levels of this place that you've seen.
                   A       B       C       D       E      F
               +-------+-------+-------+-------+-------+----------------------
         Total | 100.0 | 100.0 |   5.9 |   0.0 |   0.0 | 102.6
       Dungeon |  98.4 |  98.3 |   6.0 |   0.0 |   0.0 | 113.4
         Sewer |   1.6 |   1.7 |   0.0 |   0.0 |   0.0 |  16.0
               +-------+-------+-------+-------+-------+----------------------

Table legend:
 A = Kills in this place as a percentage of kills in entire the game.
 B = Kills by you in this place as a percentage of kills by you in the entire game.
 C = Kills by friends in this place as a percentage of kills by friends in the entire game.
 D = Other kills in this place as a percentage of other kills in the entire game.
 E = Experience gained in this place as a percentage of experience gained in the entire game.
 F = Experience gained in this place divided by the number of levels of this place that you have seen.
                   A       B       C       D       E      F
               +-------+-------+-------+-------+-------+----------------------
         Total | 100.0 | 100.0 |   N/A |   N/A | 100.0 | 168.1
       Dungeon |  97.7 |  97.7 |   N/A |   N/A |  99.9 | 189.0
         Sewer |   2.3 |   2.3 |   N/A |   N/A |   0.1 |   1.0
               +-------+-------+-------+-------+-------+----------------------

Vault maps used:
D:1:      eino_arrival_tree_alley
D:2:      eat_drink_and_be_merry_uskayaw, serial_bayou_ford_a,
          kennysheep_generic_room_9
D:3:      okawaru_gym_becter, first_ration
D:4:      marbit_many_paths, chequers_temple_overflow_statue_of_worship
D:5:      vehumet_statue, lemuel_round_altar, gup_sewer_entry_bubbles,
          uniq_crazy_yiuf_cottage
D:6:      minmay_temple_entry_poolview, kennysheep_generic_room_4,
          uniq_menkaure, uniq_eustachio
D:7:      the_bakery, nicolae_sextant
D:8:      david_lair_shrubbed, serial_shops, shop_statue, shop_statue, shop,
          nicolae_ossuary_entry_monument, grunt_gozag_breadcrumbs, uniq_erica
Sewer:    sewer_co_scattered_pipes
